nht, chaotic female elven Wizard ------- ..@...| -----.--- |...|. --..|.. .....- ....--- .....|. ....|.. ^...%.. ....... |..<.. --.)... |..... --... --- nht the Conjurer Experience level: 5 Strength: 10 Dexterity: 11 Constitution: 13 Intelligence: 17 Wisdom: 15 Charisma: 10 Health: 0(21) Energy: 15(56) Def: 1 Gold: 230 Moves: 624 Dungeon seed: 5G_diDQ9o6eeyaw5 Game ID: nht_1433398452 Your Inventory: Coins $ - 230 gold pieces Weapons a - a blessed +1 quarterstaff (weapon in hands) u - 6 +0 crossbow bolts D - 14 +0 arrows Armor e - a blessed +0 cloak of magic resistance (being worn) z - an uncursed +0 dwarvish cloak A - an uncursed +0 dwarvish cloak Comestibles E - an uncursed tripe ration Scrolls j - 2 uncursed scrolls of enchant armor v - an uncursed scroll of identify w - an uncursed scroll of teleportation B - an uncursed scroll of gold detection C - an uncursed scroll of create monster G - an uncursed scroll of destroy armor Spellbooks l - a blessed spellbook of magic missile m - an uncursed spellbook of jumping s - a blessed spellbook of blank paper Potions f - 2 uncursed potions of sickness g - an uncursed potion of see invisible h - an uncursed potion of water Rings c - an uncursed +1 ring of adornment d - an uncursed +1 ring of increase accuracy Wands b - a wand of teleportation (0:6) p - a wand of nothing (0:3) q - a wand of enlightenment (0:13) t - a wand of secret door detection (0:13) Tools i - an uncursed partly used tallow candle (lit) (0:119) n - a magic marker (0:26) o - an uncursed wooden harp x - 8 uncursed tallow candles (0:200) F - an uncursed wax candle (0:400) Gems r - an uncursed worthless piece of violet glass y - an uncursed worthless piece of red glass N - 2 uncursed jet stones Y - an uncursed worthless piece of green glass Spells known in the end: Name Level Category Fail Memory a - force bolt 1 attack 0% 97% b - magic missile 2 attack 0% 97% c - jumping 1 escape 0% 97% d - detect monsters 1 divination 0% 98% Your skills at the end: Fighting Skills Weapon Skills quarterstaff [Basic] Spellcasting Skills attack spells [Basic] enchantment spells [Basic] Final Attributes: You were devoutly aligned. You were sleep resistant. You were magic-protected. You had infravision. You are dead. Vanquished creatures: 2 gnome kings 2 gnome lords 4 dwarves a rothe an iguana a green mold 11 gnomes a gnome zombie 6 jackals a kobold a sewer rat a lichen a kobold zombie 3 newts 36 creatures vanquished. Voluntary challenges: You went without food. You were an atheist. You used a wielded weapon 41 times, starting on turn 145. You read items or engraved 12 times, starting on turn 14. You never genocided any monsters. You never polymorphed an object. You never changed form. You used no wishes. You never split a pudding. You wrote Elbereth's name 2 times, starting on turn 548. You violated your moral code, losing 1 point of alignment, starting on turn 539. You disabled loading bones files. Dungeon overview: The Dungeons of Doom: levels 1 to 3 Level 1 a long staircase Level 2 an armor shop Level 3 a fountain stairs to The Gnomish Mines The Gnomish Mines: levels 4 to 5 Level 4 stairs to The Dungeons of Doom Level 5 <- You were here History has recorded: On T:1 you entered the Dungeons of Doom to retrieve the Amulet of Yendor! On T:51 you reached level 2 of The Dungeons of Doom. On T:84 you reached level 3 of The Dungeons of Doom. On T:394 you advanced to experience level 2. On T:446 you reached level 1 of The Gnomish Mines. On T:457 you advanced to experience level 3. On T:484 you advanced to experience level 4. On T:532 you reached level 2 of The Gnomish Mines. On T:539 you advanced to experience level 5. Score breakdown: Gold: 230 ( 8040 points) Experience: 5 levels (11141 points) Exploration: 5 levels ( 10.00%) ( 8571 points) Discoveries: 4 items ( 1.44%) ( 3605 points) Valuables value: (no points given unless you survive) Artifact value: 0 ( 0 points) Variety of kills: 14 monsters ( 3.69%) ( 5765 points) Time penalty: 624 turns ( 0 points) Survival: died (score multiplied by 80%) Total score: 29697 Latest messages: You hesitate for a moment, bothered by your conscience. The bugbear gets angry! You fall into a pit! You die... Final status: Goodbye nht the Wizard, fell into a pit... You died in The Gnomish Mines on dungeon level 5 with 29697 points, and 230 pieces of gold, after 624 moves. You were level 5 with a maximum of 21 hit points when you died.